 Dungeon Crawl Stone Soup version 0.21.1-1-g345015f (webtiles) character file.

87 lotte the Magician (level 4, 0/24 HPs)
             Began as a Deep Elf Wizard on July 1, 2018.
             Slain by Sigmund
             ... wielding a +2 scythe of freezing
              (15 damage)
             ... on level 2 of the Dungeon.
             The game lasted 00:12:55 (2767 turns).

lotte the Magician (Deep Elf Wizard)                Turns: 2767, Time: 00:12:56

Health: 0/24       AC:  2    Str:  4    XL:     4   Next: 28%
Magic:  6/14       EV: 13    Int: 24    God:
Gold:   102        SH:  0    Dex: 13    Spells: 9/15 levels left

rFire    . . .     SeeInvis .   s - staff of poison
rCold    . . .     Gourm    .   (no shield)
rNeg     . . .     Faith    .   a - +0 robe
rPois    +         Spirit   .   b - +0 hat
rElec    .         Reflect  .   (no cloak)
rCorr    .         Harm     .   (no gloves)
MR       .....                  (no boots)
Stlth    ++........             g - amulet of rage
HPRegen  0.08/turn              (no ring)
MPRegen  0.14/turn              (no ring)

@: no status effects
A: no striking features
a: Evoke Berserk Rage


You were on level 2 of the Dungeon.
You were not hungry.

You visited 1 branch of the dungeon, and saw 2 of its levels.

You collected 102 gold pieces.

Inventory:

Hand Weapons
 f - a +0 whip
 i - a +0 short sword of holy wrath
 k - a +2 spear of piercing
Armour
 a - a +0 robe (worn)
 b - a +0 hat (worn)
Magical Staves
 s - an uncursed staff of poison (weapon)
Jewellery
 g - an amulet of rage (around neck)
Scrolls
 e - a scroll of identify {unknown}
 h - a scroll of blinking {unknown}
 m - a scroll of immolation {unknown}
 o - 2 scrolls of teleportation {unknown}
 q - a scroll of enchant armour {unknown}
 r - 2 scrolls of remove curse {unknown}
 u - a scroll of fear {unknown}
Potions
 j - 2 potions of degeneration {unknown}
 l - 2 potions of ambrosia {unknown}
 n - 2 potions of might
 p - a potion of lignification {unknown}
 t - a potion of invisibility {unknown}
Books
 c - a book of Minor Magic

   Spells                             Type                      Level
   a - Magic Dart                     Conjuration                  1
   b - Blink                          Translocation                2
   c - Call Imp                       Summoning                    2
   d - Slow                           Hexes                        2
   e - Conjure Flame                  Conjuration/Fire             3
   f - Mephitic Cloud                 Conjuration/Poison/Air       3
Comestibles
 d - 3 rations


   Skills:
 + Level 0.1 Polearms
 - Level 2.4 Dodging
 - Level 2.4 Stealth
 - Level 6.0 Spellcasting
 - Level 1.1 Conjurations
 + Level 3.1 Summonings
   Level 1.1 Translocations


You had 9 spell levels left.
You knew the following spells:

 Your Spells              Type           Power        Failure   Level  Hunger
a - Magic Dart            Conj           ##..         4%          1    None
b - Call Imp              Summ           ###.....     3%          2    None
c - Mephitic Cloud        Conj/Pois/Air  ##......     21%         3    #......


Dungeon Overview and Level Annotations

Branches:
Dungeon (2/15)

Altars:
Hepliaklqana

Annotations:
D:2 Sigmund


Message History

Your crimson imp dies!
Unknown command.
Something closely misses your crimson imp.
Your crimson imp blinks!
Something hits your crimson imp! Something freezes your crimson imp.
Your crimson imp dies!
You swap places.
Your crimson imp easily resists.
Casting: Call Imp
Confirm with . or Enter, or press ? or * to list all spells.
A beastly little devil appears in a puff of frigid air.
Your crimson imp disappears in a puff of smoke!
A puff of flame appears from out of thin air!
The puff of flame hits you!
Casting: Call Imp
Confirm with . or Enter, or press ? or * to list all spells.
A beastly little devil appears in a puff of flame.
Something hits you!
Ouch! That really hurt!
You die...

####..##..##.# #.##.### #.####
...........#.# #......# #.....
.###..##..##.# #.####.###..... .#
#.......#.######.####.........
.####.##...#......#......###.....
................#.####.......####
....##.#...#.#..#.# #.....#######
....##.#...#.#..#5###.....# #....
.......#........@5{.....#.###.#.#
.##.#..#..........###............
.##....#...<....#.###..##.###...#
.......##.................# ###.#
.##...5.#.##.#.##.###...### #.#
.##.#...ยง.##.#.##.# #.......#
#.# ....#.#......#.#### #.......#
### ......#.######## #######.#
..#####.# #


You could see a friendly crimson imp and a friendly white imp.

Vanquished Creatures
  A dart slug (D:2)
  A leopard gecko (D:1)
  7 bats (D:1)
  2 giant cockroaches (D:2)
  7 goblins
  A hobgoblin (D:2)
  8 jackals
  A quokka (D:2)
  A ball python (D:2)
  4 frilled lizards
  5 kobolds (D:1)
  7 rats
45 creatures vanquished.

Vanquished Creatures (collateral kills)
  Robin (D:2)
  2 adders (D:2)
  A worm (D:2)
  A giant cockroach (D:1)
  7 goblins (D:2)
  4 hobgoblins (D:2)
  3 jackals (D:2)
  4 kobolds
  2 bats (D:1)
  A frilled lizard (D:1)
  A rat (D:1)
27 creatures vanquished.

Vanquished Creatures (others)
  A goblin (D:2)
1 creature vanquished.

Grand Total: 73 creatures vanquished

Notes
Turn   | Place    | Note
-------+----------+-------------------------------------------
     0 | D:1      | lotte the Deep Elf Wizard began the quest for the Orb.
     0 | D:1      | Reached XP level 1. HP: 10/10 MP: 7/7
   194 | D:1      | Reached skill level 5 in Spellcasting
   232 | D:1      | Reached XP level 2. HP: 15/15 MP: 8/10
   274 | D:1      | Learned a level 2 spell: Call Imp
   835 | D:1      | Reached XP level 3. HP: 19/19 MP: 8/12
   841 | D:1      | Learned a level 3 spell: Mephitic Cloud
   885 | D:1      | Reached skill level 6 in Spellcasting
  1360 | D:2      | Noticed Robin
  1374 | D:2      | Killed Robin
  1753 | D:2      | Reached XP level 4. HP: 24/24 MP: 11/14
  2130 | D:2      | Found a hazy altar of Hepliaklqana.
  2733 | D:2      | Noticed Sigmund
  2767 | D:2      | Slain by Sigmund

Skill      XL: |  1  2  3  4 |
---------------+-------------+-----
Spellcasting   | 5 6 |  6.0
Summonings     | 2 3 |  3.1
Polearms       | |  0.1
Dodging        | |  2.4
Stealth        | |  2.4
Conjurations   | |  1.1
Translocations | |  1.1

Action                   |  1- 3 |  4- 6 || total
-------------------------+-------+-------++-------
Melee: Spear             |    15 |       ||    15
       Staff             |       |    10 ||    10
 Cast: Magic Dart        |    74 |    16 ||    90
       Call Imp          |    18 |    21 ||    39
 Stab: Sleeping          |       |     1 ||     1
  Eat: Chunk             |     2 |     3 ||     5
Armor: Robe              |    12 |       ||    12
Dodge: Dodged            |    26 |    13 ||    39
